 Dungeon Crawl Stone Soup version 0.28.0-43-g3370ac3207 (webtiles) character file.

Game seed: 1823846927762364991

1879 Cykl0x the Digger (level 9, -6/47 HPs)
             Began as a Gargoyle Earth Elementalist on Mar 7, 2022.
             Mangled by a wight
             ... wielding a +5 short sword
              (8 damage)
             ... on level 6 of the Dungeon.
             The game lasted 00:11:55 (6226 turns).

Cykl0x the Digger (Gargoyle Earth Elementalist)     Turns: 6226, Time: 00:11:56

Health: -6/47      AC: 12    Str: 14    XL:     9   Next: 14%
Magic:  12/18      EV: 11    Int: 18    God:
Gold:   425        SH:  0    Dex: 10    Spells: 16/20 levels left

rFire   . . .      SeeInvis .   t - +0 falchion (venom)
rCold   . . .      Faith    .   (no shield)
rNeg    + . .      Spirit   .   w - +1 ring mail
rPois   ∞          Reflect  .   (no helmet)
rElec   +          Harm     .   (no cloak)
rCorr   +          Rampage  .   (no gloves)
Will    .....                   (no boots)
Stlth   +.........              m - amulet "Piudemm" {RegenMP Fly rCorr}
HPRegen 0.15/turn               (no ring)
MPRegen 0.56/turn               (no ring)

@: flying
A: sickness immunity, AC +6, negative energy resistance 1, electricity
resistance, torment resistance 1, petrification resistance
a: no special abilities


You were on level 6 of the Dungeon.
You visited 1 branch of the dungeon, and saw 6 of its levels.

You collected 425 gold pieces.

Inventory:

Hand Weapons
 a - a +1 short sword
 l - a +0 short sword of venom
 t - a +0 falchion of venom (weapon)
Missiles
 c - 73 stones
Armour
 b - a +0 robe
 g - a +0 leather armour
 i - a +0 scale mail
 o - the +2 robe of the Yeti {rElec Regen+ Dex-5 Slay+3}
   (You found it on level 4 of the Dungeon)

   Dex:       It affects your dexterity (-5).
   Slay:      It affects your accuracy & damage with ranged weapons and melee
   (+3).
   rElec:     It insulates you from electricity.
   Regen:     It increases your rate of health regeneration.
 w - a +1 ring mail (worn)
Jewellery
 m - the amulet "Piudemm" (around neck) {RegenMP Fly rCorr}
   (You acquired it on level 4 of the Dungeon)

   [amulet of magic regeneration]

   It increases your rate of magic regeneration.
   Fly:       It grants you flight.
   rCorr:     It protects you from acid and corrosion.
 r - an amulet of guardian spirit
 u - an amulet of reflection
Wands
 e - a wand of flame (17)
 q - a wand of charming (2)
Scrolls
 j - a scroll of summoning
 x - a scroll of identify
Potions
 d - a potion of curing {unknown}
 f - 5 potions of haste
 h - a potion of mutation
 k - 2 potions of might
 n - a potion of magic {unknown}
 p - a potion of lignification {unknown}
 s - a potion of flight {unknown}
 v - 2 potions of berserk rage {unknown}
 z - a potion of heal wounds {unknown}


   Skills:
 + Level 1.1 Fighting
 + Level 1.7(2.0) Short Blades
 + Level 1.4(1.9) Long Blades
 + Level 1.0 Armour
 + Level 2.6 Dodging
 - Level 2.3 Stealth
 + Level 6.4 Spellcasting
 * Level 6.6 Conjurations
 + Level 0.7 Transmutations
 + Level 7.5 Earth Magic


You had 16 spell levels left.
You knew the following spells:

 Your Spells              Type           Power      Damage    Failure   Level
a - Sandblast             Erth           64%        2d14      1%          1
b - Stone Arrow           Conj/Erth      62%        3d10      3%          3

Your spell library contained the following spells:

 Spells                   Type           Power      Damage    Failure   Level
 Passwall                 Tmut/Erth      16%        N/A       7%          2
 Conjure Flame            Conj/Fire      17%        6-21      19%         3
 Petrify                  Tmut/Erth      20%        N/A       41%         4
 Sticky Flame             Conj/Fire      17%        2d4       52%         4
 Ignite Poison            Fire/Tmut/Pois 6%         N/A       54%         3


Dungeon Overview and Level Annotations

Branches:
Dungeon (6/15)
 Temple: D:4-7

Altars:
Gozag
Qazlal
Trog

Annotations:
D:3 3 runed translucent doors, Ablot's ghost, amateur GnWr; Cykl0x's ghost, amateur GrEE; Iidacon's ghost, amateur KoBr; mn3067's ghost, amateur GrEE


Innate Abilities, Weirdness & Mutations

You are immune to sickness and miasma.
Your stone body is resilient. (AC +6)
You are immune to poison.
You resist negative energy. (rN+)
You are resistant to electric shocks. (rElec)
You are resistant to unholy torment.
You are immune to petrification.


Message History

The sky beast hits you.
* * * LOW HITPOINT WARNING * * *
The sky beast shocks you. You resist.
* * * LOW HITPOINT WARNING * * *
Casting: Stone Arrow (dangerous; 4% risk of failure)
Confirm with . or Enter, or press ? or * to list all spells.
Aiming: Stone Arrow (dangerous; 4% risk of failure)
Press: ? - help, Shift-Dir - straight line, f - sky beast
Aim: a sky beast (rain, 64% to hit)
The stone arrow hits the sky beast!
The sky beast is heavily wounded.
The sky beast closely misses you.
Unknown command.
Casting: Stone Arrow (dangerous; 4% risk of failure)
Confirm with . or Enter, or press ? or * to list all spells.
Aiming: Stone Arrow (dangerous; 4% risk of failure)
Press: ? - help, Shift-Dir - straight line, f/p - sky beast
Aim: a sky beast (heavily wounded, 64% to hit)
The stone arrow hits the sky beast!!
You kill the sky beast!
The wight hits you but does no damage. x2
Your Long Blades skill increases to level 1!
Found a spear and 7 gold pieces.
The wight hits you with a +5 short sword.
* * * LOW HITPOINT WARNING * * *
Okay, then.
Found 17 stones.
Casting: Stone Arrow (dangerous; 3% risk of failure)
Confirm with . or Enter, or press ? or * to list all spells.
Aiming: Stone Arrow (dangerous; 3% risk of failure)
Press: ? - help, Shift-Dir - straight line, f - wight
Aim: a wight, wielding a +5 short sword and wearing a +0 robe (almost destroyed, 74% to hit)
The stone arrow misses the wight.
The stone arrow hits the wight!
The wight is heavily damaged.
The wight hits you with a +5 short sword!
* * * LOW HITPOINT WARNING * * *
Unknown command.
There is a stone staircase leading up here.
The wight hits you with a +5 short sword!
You die...

#....##...........# ##.
....#............# ##### ###..
#..#.............# #...# ##....
##.##............####...# #..##.
#.............#.........###.###.
###..#................#..##..###.
.#†..##.#....##......##.........#
.)##.##.#.....##......##......#.#
...#.##$..#...#z@...............#
...#.##..###.zz..#.....#.....###.
......#....z.##..#..>..#.....#..)
.....###...#####.......#.....###.
...z.##......##..........#....))#
....z###.........#.......##..†#.#
..#......##..)...#...... ##....#
.###.....# .....(.....#..###.###.
# #....### ....... ..##.....###.


You could see 4 wights.

Vanquished Creatures
  Pikel (D:4)
  A sky beast (D:6)
  A black bear (D:6)
  A centaur (D:5)
  A phantom (D:6)
  A lemure (D:4)
  A scorpion (D:4)
  A water moccasin zombie (D:5)
  A water moccasin skeleton (D:6)
  A killer bee (D:6)
  5 wights
  2 jellies (D:5)
  A centaur zombie (D:5)
  A hound (D:6)
  A centaur skeleton (D:4)
  A gnoll shaman (D:5)
  Terence (D:3)
  3 iguanas
  Ijyb (D:3)
  3 orc wizards (D:5)
  12 adders
  4 gnolls (D:5)
  2 howler monkey skeletons (D:5)
  An adder skeleton (D:4)
  A worm (D:5)
  3 dart slugs
  12 orcs
  4 ball pythons
  8 endoplasms
  4 goblins
  9 hobgoblins
  4 jackals (D:1)
  12 kobolds
  6 quokkas
  7 bats
  6 frilled lizards
  6 rats
130 creatures vanquished.

Vanquished Creatures (others)
  A withered plant (D:3)
1 creature vanquished.

Grand Total: 131 creatures vanquished

Notes
Turn   | Place    | Note
-------+----------+-------------------------------------------
     0 | D:1      | Cykl0x the Gargoyle Earth Elementalist began the quest for
                  | the Orb.
     0 | D:1      | Reached XP level 1. HP: 10/10 MP: 3/3
   162 | D:1      | Reached XP level 2. HP: 15/15 MP: 3/5
   197 | D:1      | Reached skill level 4 in Earth Magic
   373 | D:1      | Reached XP level 3. HP: 19/19 MP: 1/6
   377 | D:1      | Learned a level 3 spell: Stone Arrow
   589 | D:1      | Found a faded altar of an unknown god.
   938 | D:2      | Found a stormy altar of Qazlal.
  1415 | D:2      | Reached XP level 4. HP: 24/24 MP: 0/8
  2083 | D:3      | Found a bloodstained altar of Trog.
  2152 | D:3      | Noticed Ijyb
  2167 | D:3      | Killed Ijyb
  2168 | D:3      | Reached skill level 1 in Conjurations
  2377 | D:3      | Noticed Terence
  2476 | D:3      | Killed Terence
  2477 | D:3      | Reached XP level 5. HP: 28/28 MP: 0/10
  2671 | D:3      | Found a runed translucent gate.
  2671 | D:3      | Found a runed translucent gate.
  2671 | D:3      | Found a runed translucent gate.
  2671 | D:3      | Noticed Cykl0x's ghost (amateur GrEE)
  2672 | D:3      | Noticed Iidacon's ghost (amateur KoBr)
  2673 | D:3      | Noticed Ablot's ghost (amateur GnWr)
  2673 | D:3      | Noticed mn3067's ghost (amateur GrEE)
  3283 | D:4      | Identified the +2 robe of the Yeti {rElec Regen+ Dex-5
                  | Slay+3}
  3554 | D:4      | Noticed a lemure
  3555 | D:4      | Noticed a lemure
  3555 | D:4      | Noticed Pikel
  3581 | D:4      | Noticed a lemure
  3585 | D:4      | Killed a lemure
  3588 | D:4      | Noticed a lemure
  3600 | D:4      | Killed Pikel
  3601 | D:4      | Reached skill level 1 in Short Blades
  3601 | D:4      | Reached skill level 5 in Spellcasting
  3601 | D:4      | Reached skill level 5 in Earth Magic
  3601 | D:4      | Reached XP level 6. HP: 21/33 MP: 1/13
  3601 | D:4      | Reached XP level 7. HP: 24/37 MP: 1/14
  3700 | D:4      | Reached skill level 6 in Earth Magic
  3862 | D:4      | Reached skill level 1 in Fighting
  3935 | D:4      | Reached XP level 8. HP: 41/43 MP: 1/16
  4892 | D:4      | Identified a scroll of acquirement
  4892 | D:4      | Acquired the amulet "Piudemm" {RegenMP Fly rCorr}
  4995 | D:5      | Entered Level 5 of the Dungeon
  5099 | D:5      | Reached skill level 5 in Conjurations
  5401 | D:5      | Reached skill level 7 in Earth Magic
  5756 | D:5      | Found an opulent altar of Gozag.
  6185 | D:6      | Identified the +8 short sword of the Enemy {vorpal, rC+}
  6200 | D:6      | Reached skill level 1 in Armour
  6200 | D:6      | Reached XP level 9. HP: 14/47 MP: 14/18
  6209 | D:6      | Reached skill level 1 in Long Blades
  6220 | D:6      | HP: 1/47 [wight/+5 short sword (7)]
  6226 | D:6      | Mangled by a wight

Illustrated notes

Levels and vault maps discovered:
D:1:      dpeg_arrival_pond, layout_basic, dilly_ecumenical_altar_fadedgnrine
D:2:      cheibrodos_helix_gallery, layout_rooms, basic_altar
D:3:      layout_basic, mainiacjoe_overflow_brackets, gammafunk_ghost_cemetery,
          uniq_ijyb, uniq_terence
D:4:      minmay_door_path, layout_basic, uniq_pikel
D:5:      layout_loops_ring, grunt_gozag_breadcrumbs, chequers_garden,
          minivault_5
D:6:      layout_cave_pools, ebering_ghost_disaster_area, minmay_starry_boxes

Skill      XL: |  1  2  3  4  5  6  7  8  9 |
---------------+----------------------------+-----
Earth Magic    | 4 5 6 7 |  7.5
Dodging        | 2 |  2.6
Spellcasting   | 3 5 6 |  6.4
Conjurations   | 1 3 4 6 |  6.6
Short Blades   | 1 |  1.7
Fighting       | 1 |  1.1
Armour         | 1 |  1.0
Long Blades    | 1 |  1.4
Stealth        | |  2.3
Transmutations | |  0.7

Action                   |  1- 3 |  4- 6 |  7- 9 || total
-------------------------+-------+-------+-------++-------
Melee: Short sword       |    27 |    24 |     4 ||    55
       Falchion          |       |       |    12 ||    12
Throw: Stone             |       |     1 |       ||     1
 Cast: Sandblast         |    26 |    30 |     4 ||    60
       Stone Arrow       |    13 |    30 |    81 ||   124
  Use: Scroll            |       |     8 |     3 ||    11
Armor: Robe              |    15 |     6 |     3 ||    24
       Ring mail         |       |       |    15 ||    15
       Leather armour    |       |       |     6 ||     6
       Skin              |       |       |     2 ||     2
Dodge: Dodged            |    30 |    24 |    28 ||    82
